HSSL
MOUNTAIN POINTE HS @ MASCONOMET HS CHIEFTANS
04/01/2029
 
TOP OF THE 1ST
Mountain Pointe HS batting - Pitching for Masconomet HS Chieftans : LHP Manuel Rodríguez
Pitching: LHP Manuel Rodríguez
Batting: LHB Jesús Romero 0-0: Fly out, F7 (Flyball, 78M)
Batting: RHB Reggie Snyder 0-0: Ball
1-0: Called Strike
1-1: Swinging Strike
1-2: Foul Ball, location: 2F
1-2: Strikes out looking
Batting: LHB Benny Lawson 0-0: Foul Ball, location: 2F
0-1: Foul Ball, location: 2F
0-2: SINGLE (Groundball, 34D)
Batting: LHB Jeff Turner 0-0: Called Strike
0-1: Foul Ball, location: 2F
0-2: Ball
1-2: Ball
2-2: Ball
3-2: Base on Balls
Benny Lawson to second
Batting: RHB Matt Lehman 0-0: Called Strike
0-1: Called Strike
0-2: Foul Ball, location: 2F
0-2: Ball
1-2: Ball
2-2: Ball
3-2: Foul Ball, location: 2F
3-2: 3-RUN HOME RUN (Line Drive, 7D), Distance : 411 ft
Batting: RHB Vince Scovell 0-0: Called Strike
0-1: Called Strike
0-2: Ball
1-2: Ball
2-2: Ground out 5-3 (Groundball, 6MS)
Top of the 1st over - 3 runs, 2 hits, 0 errors, 0 left on base; Mountain Pointe HS 3 - Masconomet HS 0
BOTTOM OF THE 1ST
Masconomet HS Chieftans batting - Pitching for Mountain Pointe HS : RHP Jeff Riddle
Pitching: RHP Jeff Riddle
Batting: RHB Kenny Canady 0-0: Swinging Strike
0-1: Ball
1-1: Ground out 6-3 (Groundball, 56)
Batting: RHB Otis Moore 0-0: Foul Ball, location: 2F
0-1: Swinging Strike
0-2: Ball
1-2: Strikes out swinging
Batting: RHB Alec Bowers 0-0: Fly out, F8 (Flyball, 8RD)
Bottom of the 1st over - 0 runs, 0 hits, 0 errors, 0 left on base; Mountain Pointe HS 3 - Masconomet HS 0
TOP OF THE 2ND
Mountain Pointe HS batting - Pitching for Masconomet HS Chieftans : LHP Manuel Rodríguez
Batting: SHB Zach Weaver 0-0: Called Strike
0-1: Ball
1-1: Foul Ball, location: 2F
1-2: DOUBLE (Line Drive, 7LS)
Batting: SHB Jerry Vaughn 0-0: Called Strike
0-1: Ball
1-1: Ball
Wild Pitch!
Zach Weaver to third
2-1: Ball
3-1: Foul Ball, location: 2F
3-2: Foul Ball, location: 2F
3-2: Fly out, F9 (Flyball, 9)
Runner from 3rd tags up, SCORES, throw made
Batting: RHB Bill Wells 0-0: Called Strike
0-1: Swinging Strike
0-2: Foul Ball, location: 2F
0-2: Ground out 5-3 (Groundball, 5L)
Batting: LHB Jesús Romero 0-0: Swinging Strike
0-1: Ball
1-1: Ball
2-1: Swinging Strike
2-2: Strikes out looking
Top of the 2nd over - 1 run, 1 hit, 0 errors, 0 left on base; Mountain Pointe HS 4 - Masconomet HS 0
BOTTOM OF THE 2ND
Masconomet HS Chieftans batting - Pitching for Mountain Pointe HS : RHP Jeff Riddle
Batting: RHB Brian Knox 0-0: Ball
1-0: Swinging Strike
1-1: Ball
2-1: Foul Ball, location: 2F
2-2: Foul Ball, location: 2F
2-2: Ball
3-2: Foul Ball, location: 2F
3-2: SINGLE (Groundball, 56D)
Batting: RHB Pat Greene 0-0: Ball
1-0: Ball
2-0: SINGLE (Line Drive, 4MD)
Brian Knox to second
Batting: RHB Tom Petersen 0-0: Called Strike
0-1: Ball
1-1: Ball
2-1: Foul Ball, location: 2F
2-2: Fly out, F5 (Line Drive, 5)
Batting: RHB Ross Thrower 0-0: Called Strike
0-1: Swinging Strike
0-2: Strikes out looking
Batting: SHB Carl Savage 0-0: Ball
1-0: Ground out 4-3 (Groundball, 4)
Bottom of the 2nd over - 0 runs, 2 hits, 0 errors, 2 left on base; Mountain Pointe HS 4 - Masconomet HS 0
TOP OF THE 3RD
Mountain Pointe HS batting - Pitching for Masconomet HS Chieftans : LHP Manuel Rodríguez
Batting: RHB Reggie Snyder 0-0: Ball
1-0: Ball
2-0: Called Strike
2-1: Swinging Strike
2-2: Ball
3-2: SOLO HOME RUN (Flyball, 9LD), Distance : 368 ft
Batting: LHB Benny Lawson 0-0: Ball
1-0: Ball
2-0: Ball
3-0: Base on Balls
Batting: LHB Jeff Turner 0-0: Swinging Strike
0-1: Swinging Strike
0-2: Ball
1-2: Ball
2-2: Foul Ball, location: 2F
2-2: Strikes out swinging
Batting: RHB Matt Lehman 0-0: Foul Ball, location: 2F
0-1: Ball
1-1: Ball
2-1: Foul Ball, location: 2F
2-2: Foul Ball, location: 2F
2-2: Strikes out swinging
Batting: RHB Vince Scovell 0-0: Called Strike
0-1: Foul Ball, location: 2F
0-2: Strikes out swinging
Top of the 3rd over - 1 run, 1 hit, 0 errors, 1 left on base; Mountain Pointe HS 5 - Masconomet HS 0
BOTTOM OF THE 3RD
Masconomet HS Chieftans batting - Pitching for Mountain Pointe HS : RHP Jeff Riddle
Batting: SHB Vicente Ramírez 0-0: Ball
1-0: Foul Ball, location: 2F
1-1: SOLO HOME RUN (Flyball, 9D), Distance : 404 ft
Batting: RHB Kenny Canady 0-0: Ball
1-0: Ball
2-0: Ball
3-0: Called Strike
3-1: SINGLE (Groundball, 3S) (infield hit)
Batting: RHB Otis Moore 0-0: Foul Ball, location: 2F
0-1: Ball
1-1: Foul Ball, location: 2F
1-2: SINGLE (Line Drive, 8LS)
Kenny Canady to second
Runner from 2nd tries for 3rd, OUT!
Batting: RHB Alec Bowers 0-0: Called Strike
Otis Moore is caught stealing 2nd base
0-1: Foul Ball, location: 2F
0-2: Ball
1-2: Ball
2-2: Ball
3-2: Fly out, F8 (Flyball, 8RXD)
Bottom of the 3rd over - 1 run, 3 hits, 0 errors, 0 left on base; Mountain Pointe HS 5 - Masconomet HS 1
TOP OF THE 4TH
Mountain Pointe HS batting - Pitching for Masconomet HS Chieftans : LHP Manuel Rodríguez
Batting: SHB Zach Weaver 0-0: Ball
1-0: Foul Ball, location: 2F
1-1: Ground out 4-3 (Groundball, 4)
Batting: SHB Jerry Vaughn 0-0: Ball
1-0: Fly out, F8 (Flyball, 8LM)
Batting: RHB Bill Wells 0-0: Swinging Strike
0-1: Called Strike
0-2: Foul Ball, location: 2F
0-2: Ball
1-2: Ball
2-2: Ball
3-2: Foul Ball, location: 2F
3-2: Ground out 4-3 (Groundball, 4)
Top of the 4th over - 0 runs, 0 hits, 0 errors, 0 left on base; Mountain Pointe HS 5 - Masconomet HS 1
BOTTOM OF THE 4TH
Masconomet HS Chieftans batting - Pitching for Mountain Pointe HS : RHP Jeff Riddle
Batting: RHB Brian Knox 0-0: Ball
1-0: Swinging Strike
1-1: Swinging Strike
1-2: Ball
2-2: Fly out, F8 (Line Drive, 8LD)
Batting: RHB Pat Greene 0-0: SINGLE (Flyball, 9LS)
Batting: RHB Tom Petersen 0-0: Called Strike
0-1: Ball
1-1: Fly out, F7 (Flyball, 7)
Batting: RHB Ross Thrower 0-0: Called Strike
0-1: Called Strike
0-2: Ball
1-2: Strikes out swinging
Bottom of the 4th over - 0 runs, 1 hit, 0 errors, 1 left on base; Mountain Pointe HS 5 - Masconomet HS 1
TOP OF THE 5TH
Mountain Pointe HS batting - Pitching for Masconomet HS Chieftans : LHP Manuel Rodríguez
Pitching: RHP Stan Young
Batting: LHB Jesús Romero 0-0: Ball
1-0: Called Strike
1-1: Ball
2-1: Ball
3-1: Ground out U3 (Groundball, 34)
Batting: RHB Reggie Snyder 0-0: Called Strike
0-1: Foul Ball, location: 2F
0-2: SINGLE (Line Drive, 56D)
Batting: LHB Benny Lawson 0-0: Called Strike
0-1: Ball
1-1: Fly out, F7 (Line Drive, 7S)
Batting: LHB Jeff Turner 0-0: Ball
Reggie Snyder steals 2nd base
1-0: Ball
2-0: Ground out 5-3 (Groundball, 56)
Top of the 5th over - 0 runs, 1 hit, 0 errors, 1 left on base; Mountain Pointe HS 5 - Masconomet HS 1
BOTTOM OF THE 5TH
Masconomet HS Chieftans batting - Pitching for Mountain Pointe HS : RHP Jeff Riddle
Batting: SHB Carl Savage 0-0: Foul Ball, location: 2F
0-1: Swinging Strike
0-2: Ball
1-2: Ball
2-2: Ball
3-2: Ground out 4-3 (Groundball, 4)
Batting: SHB Vicente Ramírez 0-0: Foul Ball, location: 2F
0-1: Fly out, F7 (Flyball, 7D)
Batting: RHB Kenny Canady 0-0: Called Strike
0-1: Ball
1-1: SINGLE (Groundball, 6MD)
Batting: RHB Otis Moore 0-0: Foul Ball, location: 2F
0-1: DOUBLE (Flyball, 8LD)
Kenny Canady to third
Runner from 3rd tries for Home, SAFE, no throw
Batting: RHB Alec Bowers 0-0: Ball
1-0: Ball
2-0: Ball
3-0: Called Strike
3-1: Fly out, F8 (Flyball, 8RD)
Bottom of the 5th over - 1 run, 2 hits, 0 errors, 1 left on base; Mountain Pointe HS 5 - Masconomet HS 2
TOP OF THE 6TH
Mountain Pointe HS batting - Pitching for Masconomet HS Chieftans : RHP Stan Young
Batting: RHB Matt Lehman 0-0: Ball
1-0: Fly out, F6 (Popup, 6D)
Batting: RHB Vince Scovell 0-0: Ground out 6-3 (Groundball, 6)
Batting: SHB Zach Weaver 0-0: Called Strike
0-1: Ball
1-1: SOLO HOME RUN (Flyball, 9D), Distance : 409 ft
Batting: SHB Jerry Vaughn 0-0: Called Strike
0-1: Foul Ball, location: 2F
0-2: Ball
1-2: Strikes out looking
Top of the 6th over - 1 run, 1 hit, 0 errors, 0 left on base; Mountain Pointe HS 6 - Masconomet HS 2
BOTTOM OF THE 6TH
Masconomet HS Chieftans batting - Pitching for Mountain Pointe HS : RHP Jeff Riddle
Batting: RHB Brian Knox 0-0: Ball
1-0: Called Strike
1-1: Swinging Strike
1-2: Foul Ball, location: 2F
1-2: Ground out 6-3 (Groundball, 6)
Pitching: LHP Jim Bridges
Batting: RHB Pat Greene 0-0: Ball
1-0: Called Strike
1-1: Called Strike
1-2: Strikes out swinging
Batting: RHB Tom Petersen 0-0: Ball
1-0: Called Strike
1-1: Ball
2-1: Fly out, F7 (Flyball, 7S)
Bottom of the 6th over - 0 runs, 0 hits, 0 errors, 0 left on base; Mountain Pointe HS 6 - Masconomet HS 2
TOP OF THE 7TH
Mountain Pointe HS batting - Pitching for Masconomet HS Chieftans : RHP Stan Young
Batting: RHB Bill Wells 0-0: Foul Ball, location: 2F
0-1: Fly out, F4 (Flyball, 4MD)
Batting: LHB Jesús Romero 0-0: Ball
1-0: Foul Ball, location: 2F
1-1: Hit by Pitch
Batting: RHB Reggie Snyder 0-0: Called Strike
Jesús Romero steals 2nd base
0-1: Fly out, F9 (Line Drive, 9)
Batting: LHB Benny Lawson 0-0: Foul Ball, location: 2F
0-1: Fly out, F9 (Flyball, 9LSF)
Top of the 7th over - 0 runs, 0 hits, 0 errors, 1 left on base; Mountain Pointe HS 6 - Masconomet HS 2
BOTTOM OF THE 7TH
Masconomet HS Chieftans batting - Pitching for Mountain Pointe HS : LHP Jim Bridges
Batting: RHB Ross Thrower 0-0: Ball
1-0: Foul Ball, location: 2F
1-1: Ball
2-1: Foul Ball, location: 2F
2-2: Strikes out swinging
Batting: SHB Carl Savage 0-0: Foul Ball, location: 2F
0-1: Swinging Strike
0-2: Ball
1-2: Strikes out swinging
Batting: SHB Vicente Ramírez 0-0: SINGLE (Groundball, 56D)
Batting: RHB Kenny Canady 0-0: Ball
1-0: Foul Ball, location: 2F
1-1: Swinging Strike
1-2: Ball
2-2: Strikes out swinging
Bottom of the 7th over - 0 runs, 1 hit, 0 errors, 1 left on base; Mountain Pointe HS 6 - Masconomet HS 2
TOP OF THE 8TH
Mountain Pointe HS batting - Pitching for Masconomet HS Chieftans : RHP Stan Young
Batting: LHB Jeff Turner 0-0: Fly out, F9 (Flyball, 9)
Batting: RHB Matt Lehman 0-0: Called Strike
0-1: DOUBLE (Flyball, 78XD)
Batting: RHB Vince Scovell 0-0: Intentional Walk
Batting: SHB Zach Weaver 0-0: Ball
1-0: Ball
2-0: Swinging Strike
2-1: Called Strike
2-2: Strikes out looking
Batting: SHB Jerry Vaughn 0-0: Swinging Strike
0-1: Ball
1-1: Swinging Strike
1-2: Foul Ball, location: 2F
1-2: Strikes out looking
Top of the 8th over - 0 runs, 1 hit, 0 errors, 2 left on base; Mountain Pointe HS 6 - Masconomet HS 2
BOTTOM OF THE 8TH
Masconomet HS Chieftans batting - Pitching for Mountain Pointe HS : LHP Jim Bridges
Batting: RHB Otis Moore 0-0: Ball
1-0: Ball
2-0: Ball
3-0: Called Strike
3-1: Foul Ball, location: 2F
3-2: Base on Balls
Batting: RHB Alec Bowers 0-0: Called Strike
0-1: Called Strike
0-2: Strikes out looking
Batting: RHB Brian Knox 0-0: Called Strike
0-1: Swinging Strike
0-2: Ball
1-2: Ball
2-2: Strikes out swinging
Batting: RHB Pat Greene 0-0: Ball
1-0: Swinging Strike
1-1: Ball
2-1: Foul Ball, location: 2F
2-2: Ball
3-2: Base on Balls
Otis Moore to second
Batting: RHB Tom Petersen 0-0: Ball
1-0: Ball
2-0: Ball
3-0: Called Strike
3-1: Swinging Strike
3-2: Base on Balls
Otis Moore to third
Pat Greene to second
Batting: RHB Ross Thrower 0-0: Called Strike
0-1: Ball
Wild Pitch!
Otis Moore scores
Pat Greene to third
Tom Petersen to second
1-1: Swinging Strike
1-2: Ball
2-2: Fly out, F3 (Popup, 3SF)
Bottom of the 8th over - 1 run, 0 hits, 0 errors, 2 left on base; Mountain Pointe HS 6 - Masconomet HS 3
TOP OF THE 9TH
Mountain Pointe HS batting - Pitching for Masconomet HS Chieftans : RHP Stan Young
Batting: RHB Bill Wells 0-0: SINGLE (Flyball, 9LS)
Pitching: LHP Henry Alemán
Batting: LHB Jesús Romero 0-0: Ball
1-0: Bunted foul
1-1: Sac Bunt - play at first, batter OUT! 2-4
Bill Wells to second
Batting: RHB Reggie Snyder 0-0: Intentional Walk
Batting: LHB Benny Lawson 0-0: Ball
1-0: Ball
2-0: Called Strike
2-1: Called Strike
2-2: Ball
3-2: Fly out, F7 (Flyball, 7LD)
Runner from 2nd tags up, SAFE at 3rd, no throw
Batting: LHB Jeff Turner 0-0: Called Strike
0-1: Called Strike
0-2: Foul Ball, location: 2F
0-2: Ball
1-2: DOUBLE (Flyball, 8RXD)
Bill Wells scores
Reggie Snyder to third
Runner from 3rd tries for Home, SAFE, no throw
Pitching: RHP Myron Brown
Pinch Runner at 2nd Larry Brantley:
Batting: RHB Matt Lehman 0-0: Fly out, F4 (Popup, 23)
Top of the 9th over - 2 runs, 2 hits, 0 errors, 1 left on base; Mountain Pointe HS 8 - Masconomet HS 3
BOTTOM OF THE 9TH
Masconomet HS Chieftans batting - Pitching for Mountain Pointe HS : LHP Jim Bridges
Now at C: Mark Fry
Now at 1B: Larry Brantley
Now in CF: Mike Ware
Batting: SHB Carl Savage 0-0: Ball
1-0: Fly out, F8 (Flyball, 8LD)
Batting: SHB Vicente Ramírez 0-0: Called Strike
0-1: Ball
1-1: Ball
2-1: Ball
3-1: Base on Balls
Pitching: RHP Joe Henderson
Batting: RHB Kenny Canady 0-0: Foul Ball, location: 2F
0-1: Fly out, F9 (Flyball, 9S)
Batting: RHB Otis Moore 0-0: Swinging Strike
0-1: Swinging Strike
0-2: Strikes out swinging
Bottom of the 9th over - 0 runs, 0 hits, 0 errors, 1 left on base; Mountain Pointe HS 8 - Masconomet HS 3
Saturday, December 16th, 2017 - OOTP Baseball 18.8 Build 76